 Dungeon Crawl Stone Soup version 0.31.0-9-g3a7656b989 (webtiles) character file.

Game seed: 11076219401261732443

106 qw the Skirmisher (level 4, 0/25 HPs)
             Began as a Deep Elf Hunter on Feb 3, 2024.
             Killed by nerve-wracking pain
             ... invoked by an orc priest
              (14 damage)
             ... on level 3 of the Dungeon.
             The game lasted 00:01:19 (2520 turns).

qw the Skirmisher (Deep Elf Hunter)                 Turns: 2520, Time: 00:01:20

Health: 0/25       AC:  6    Str: 10    XL:     4   Next: 55%
Magic:  6/6        EV: 11    Int: 14    God:
Gold:   164        SH:  0    Dex: 18    Spells: 3/3 levels left

rFire   . . .        a - +0 shortbow
rCold   . . .        (shield currently unavailable)
rNeg    . . .        h - +0 ring mail
rPois   .            (no helmet)
rElec   .            (no cloak)
rCorr   .            (no gloves)
SInv    .            f - +0 pair of boots
Will    .....        (no amulet)
Stlth   +            (no ring)
HPRegen 0.24/turn    (no ring)
MPRegen 0.10/turn

%: no passive effects
@: no status effects
A: no striking features
a: no special abilities


You were on level 3 of the Dungeon.
You visited 1 branch of the dungeon, and saw 3 of its levels.

You collected 164 gold pieces.


   Skills:
 - Level 1.5 Fighting
 + Level 8.0 Ranged Weapons
 - Level 2.4 Dodging
 - Level 1.2 Stealth


You had 3 spell levels left.
You didn't know any spells.
Your spell library was empty.

Inventory:

Hand Weapons
 a - a +0 shortbow (weapon)
Armour
 f - a +0 pair of boots (worn)
 h - a +0 ring mail (worn)
Jewellery
 c - the amulet of the Four Winds {rN+ Will+++ Clar}
   (You found it on level 3 of the Dungeon)

   [amulet of nothing]

   rN+:       It protects you from negative energy.
   Will+++:   It greatly increases your willpower.
   Clar:      It protects you from confusion, rage, mesmerisation and fear.
Scrolls
 i - a scroll of brand weapon {unknown}
Potions
 b - a potion of curing
 d - 2 potions of heal wounds
 e - 2 potions of haste
 g - a potion of cancellation
 j - a potion of degeneration {unknown}

Dungeon Overview and Level Annotations

Branches:
Dungeon (3/15)

Altars:
Uskayaw

Shops:
D:2 =


Message History

You shoot an arrow. The arrow hits the orc.
The orc is heavily wounded.
You shoot an arrow. The arrow closely misses the orc.
You shoot an arrow. The arrow closely misses the orc.
You shoot an arrow. The arrow hits the orc.
The orc is heavily wounded.
You shoot an arrow.
The arrow hits the orc but does no damage.
The orc is heavily wounded.
The orc completely misses you.
You shoot an arrow. The arrow barely misses the orc.
The arrow hits the orc priest!
The orc priest is heavily wounded.
The orc closely misses you.
You shoot an arrow. The arrow hits the orc!
You kill the orc!
The orc priest hits you with a +1 heavy mace!
Your Ranged Weapons skill increases to level 8!
You shoot an arrow. The arrow barely misses the orc priest.
The arrow barely misses the orc.
You shoot an arrow. The arrow hits the orc priest.
The orc priest is severely wounded.
The orc priest misses you.
You shoot an arrow.
The arrow completely misses the orc priest.
The arrow closely misses the orc.
The orc priest barely misses you.
You shoot an arrow. The arrow hits the orc priest.
The orc priest is severely wounded.
The orc priest hits you with a +1 heavy mace.
You shoot an arrow. The arrow barely misses the orc priest.
The arrow hits the orc.
The orc is almost dead.
You shoot an arrow.
The arrow closely misses the orc priest.
The arrow barely misses the orc.
The orc priest invokes the aid of Beogh against you.
Pain shoots through your body!
Ouch! That really hurt!
You die...

#... .....[
#... ..#
#.###.###
#.##
####.###.###
#.#
#.....##...#


You could see an orc priest and 2 orcs.

Vanquished Creatures
  3 adders (D:2)
  2 dart slugs
  A ribbon worm (D:2)
  3 orcs (D:3)
  6 endoplasms
  3 giant cockroaches
  5 goblins
  4 hobgoblins (D:2)
  9 jackals
  8 kobolds
  5 quokkas
  3 ball pythons
  4 bats
  2 frilled lizards (D:1)
  5 rats
63 creatures vanquished.

Notes
Turn   | Place    | Note
-------+----------+-------------------------------------------
     0 | D:1      | qw the Deep Elf Hunter began the quest for the Orb.
     0 | D:1      | Reached XP level 1. HP: 12/12 MP: 3/3
     0 | D:1      | 0 ||| qw: Version: 0.3-a-155-g5e7d8dd
     0 | D:1      | 0 ||| qw: Game counter: 3033
     0 | D:1      | 0 ||| qw: Melee chars always use a shield: true
     0 | D:1      | 0 ||| qw: God list: Okawaru
     0 | D:1      | 0 ||| qw: Allow faded altars: false
     0 | D:1      | 0 ||| qw: Do Orc after clearing Dungeon:15 true
     0 | D:1      | 0 ||| qw: Do second Lair branch before Depths: true
     0 | D:1      | 0 ||| qw: Lair rune preference: random
     0 | D:1      | 0 ||| qw: Goals: Normal
     0 | D:1      | 0 ||| PLANNING D:1-11
    58 | D:1      | Reached XP level 2. HP: 16/16 MP: 4/4
    62 | D:1      | Reached skill level 6 in Ranged Weapons
   574 | D:1      | 574 ||| DROPPING +2 sling of electrocution.
   594 | D:1      | Found a faded altar of an unknown god.
   746 | D:1      | Reached XP level 3. HP: 20/20 MP: 5/5
  1110 | D:1      | 1110 ||| UPGRADING to +0 ring mail.
  1120 | D:1      | 1120 ||| DROPPING +0 leather armour.
  1121 | D:1      | 1121 ||| READING 3 scrolls labelled UTAFU TETHREYC.
  1121 | D:1      | 1121 ||| IDENTIFYING fuming orange potion
  1122 | D:1      | 1122 ||| READING 2 scrolls of identify.
  1122 | D:1      | 1122 ||| IDENTIFYING 2 red potions
  1123 | D:1      | 1123 ||| READING scroll of identify.
  1123 | D:1      | 1123 ||| IDENTIFYING 2 inky potions
  1124 | D:1      | 1124 ||| DROPPING scroll of butterflies.
  1256 | D:2      | Found Coedgh's Jewellery Boutique.
  1262 | D:2      | 1262 ||| SHOPLISTING +4 ring of slaying (858 gold, have
                  | 116).
  1262 | D:2      | 1262 ||| SHOPLISTING amulet of reflection (330 gold, have
                  | 116).
  1262 | D:2      | 1262 ||| SHOPLISTING ring of ice (275 gold, have 116).
  1262 | D:2      | 1262 ||| SHOPLISTING ring of protection from cold (275
                  | gold, have 116).
  1262 | D:2      | 1262 ||| SHOPLISTING ring of resist corrosion (220 gold,
                  | have 116).
  1285 | D:2      | Reached skill level 7 in Ranged Weapons
  1459 | D:2      | 1459 ||| FLEEEEING.
  1460 | D:2      | 1460 ||| FLEEEEING.
  1462 | D:2      | 1462 ||| FLEEEEING.
  1463 | D:2      | 1463 ||| FLEEEEING.
  1464 | D:2      | 1464 ||| STAIRDANCE
  1492 | D:1      | 1492 ||| UPGRADING to +0 pair of boots.
  1497 | D:1      | 1497 ||| READING scroll of identify.
  1497 | D:1      | 1497 ||| IDENTIFYING fuming coppery potion
  1498 | D:1      | 1498 ||| READING scroll labelled JIFAEZ JUTA.
  1599 | D:1      | 1599 ||| READING scroll labelled UNUIMPUEFU.
  1600 | D:1      | 1600 ||| DROPPING potion of attraction.
  1727 | D:2      | Reached XP level 4. HP: 25/25 MP: 6/6
  2038 | D:2      | 2038 ||| DRINKING 2 lumpy grey potions.
  2121 | D:3      | Identified the +2 dagger of Gravity {venom, Str+4 Dex+2}
  2153 | D:3      | Found the amulet of the Four Winds {rN+ Will+++ Clar}
  2467 | D:3      | Found a hide-covered altar of Uskayaw.
  2515 | D:3      | Reached skill level 8 in Ranged Weapons
  2520 | D:3      | Killed from afar by an orc priest

Levels and vault maps discovered:
D:1:      erik_arrival_cave_to_civilisation [erik_arrival_cave_to_hall],
          layout_basic, hellmonk_ecumenical_altar_slurped_away
D:2:      layout_loops_cross, serial_shops, shop
D:3:      layout_rooms, lemuel_doored_altar, grunt_decor_mini_mirrors,
          kennysheep_path_1

Skill      XL: |  1  2  3  4 |
---------------+-------------+-----
Ranged Weapons | 6 7 8 |  8.0
Fighting       | |  1.5
Dodging        | |  2.4
Stealth        | |  1.2

Action                     |  1- 3 |  4- 6 || total
---------------------------+-------+-------++-------
   Fire: Shortbow          |   119 |    55 ||   174
    Use: Scroll            |     6 |       ||     6
         Potion            |       |     1 ||     1
 Armour: Leather armour    |     7 |       ||     7
         Ring mail         |    13 |    11 ||    24
  Dodge: Dodged            |    18 |    20 ||    38

Table legend:
 A = Non-vault XP
 B = Vault XP
 C = Vault XP percentage of total XP
 D = Non-vault monster count
 E = Vault monster count
 F = Vault count percentage of total count
                 A         B        C        D         E       F
            +---------+---------+-------+---------+---------+-------
      Total |     147 |       5 |   3.3 |      60 |       3 |   4.8
            +---------+---------+-------+---------+---------+-------
        D:1 |      43 |       5 |  10.4 |      27 |       3 |  10.0
        D:2 |      79 |       0 |   0.0 |      22 |       0 |   0.0
        D:3 |      25 |       0 |   0.0 |      11 |       0 |   0.0
            +---------+---------+-------+---------+---------+-------
